 Dungeon Crawl Stone Soup version 0.16-b1 (webtiles) character file.

67 dysrexia the Slasher (level 4, -6/31 HPs)
             Began as an Octopode Abyssal Knight on Mar 15, 2015.
             Was a Follower of Lugonu.
             Killed from afar by an orc (15 damage)
             ... with a wand of cold
             ... on level 3 of the Dungeon.
             The game lasted 00:07:25 (2522 turns).

dysrexia the Slasher (Octopode Abyssal Knight)      Turns: 2522, Time: 00:07:26

Health: -6/31      AC:  1    Str: 11    XL:     4   Next: 16%
Magic:  14/14      EV:  9    Int: 14    God:    Lugonu [*.....]
Gold:   90         SH:  7    Dex: 12    Spells: 0 memorised, 3 levels left

rFire  . . .     SeeInvis .     a - +1 falchion
rCold  . . .     Clarity  .     n - +1 shield
rNeg   . . .     SustAb   .     (helmet restricted)
rPois  .         Gourm    .     (no amulet)
rElec  .         Spirit   .     k - ring of magical power
rCorr  .         Warding  .     (no ring)
rMut   .         Stasis   .     (no ring)
MR     .....                    (no ring)
Stlth  ++........               (no ring)
                                (no ring)
                                (no ring)
                                (no ring)

@: not resistant to hostile enchantments, unstealthy
A: almost no armour, amphibious, 8 rings, constrict 8, camouflage 1, gelatinous
body 1
a: Depart the Abyss, Renounce Religion


You were on level 3 of the Dungeon.
You worshipped Lugonu.
Lugonu was aware of your devotion.
You were not hungry.

You visited 1 branch of the dungeon, and saw 3 of its levels.
You visited the Abyss 1 time.

You collected 90 gold pieces.

Inventory:

Hand weapons
 a - a +1 falchion (weapon)
Missiles
 j - 112 stones (quivered)
Armour
 n - a +1 shield (worn)
Jewellery
 k - a ring of magical power (left tentacle)
Scrolls
 h - a scroll of teleportation {unknown}
 p - a scroll of identify
Potions
 b - 2 potions of brilliance {unknown}
 e - 2 potions of agility {unknown}
 f - a potion of ambrosia {unknown}
 g - a potion of curing {unknown}
 l - 2 potions of might
 m - a potion of heal wounds {unknown}
Comestibles
 c - 2 bread rations
 i - a beef jerky
 o - 5 chunks of flesh


   Skills:
 - Level 3.0 Fighting
 + Level 4.3 Long Blades
 - Level 2.3 Dodging
 - Level 2.0 Invocations


You had 3 spell levels left.
You didn't know any spells.

Dungeon Overview and Level Annotations

Branches:
Dungeon (3/15)

Altars:
Okawaru
Xom
The Shining One


Innate Abilities, Weirdness & Mutations

You cannot wear most types of armour.
You are amphibious.
You can wear up to eight rings at the same time.
You can use your tentacles to constrict many enemies at once.
Your skin changes colour to match your surroundings (Stealth).
Your rubbery body absorbs attacks (AC +1).


Message History

You see here a pair of gloves.
An orc priest comes into view. It is wielding a club.
An orc comes into view. It is wielding a flail.
An orc priest comes into view. It is wielding a short sword.
The orc shouts!
Throwing (i - inventory):
j - 113 stones (quivered)
Press: ? - help, Shift-Dir - straight line, f - orc
Aim: an orc, wielding a flail and wearing a leather armour You throw a stone.
The stone barely misses the orc.
Some of the chunks of flesh in your inventory have rotted away.
The orc zaps a wand.
The bolt of cold hits you!
Ouch! That really hurt!
* * * LOW HITPOINT WARNING * * *
It is a wand of cold.
You see here a pair of gloves.
The orc zaps a wand.
The bolt of cold misses you.
You see here a pair of gloves.
You closely miss the orc. Your grab misses the orc.
The orc zaps a wand.
The bolt of cold hits you!
You die...

# ..
##.########################
..........o@[..............)
##.##...################.##
#.##...# #....... #...o..#
#....... ####.### #.......
#o# #....... ... ###.#.#.
#.... #.#.#.


(oo... ..#.#. You could see an orc.

Vanquished Creatures
  2 adders (D:2)
  A worm (D:2)
  A giant gecko (D:1)
  An orc (D:2)
  2 bats
  4 giant cockroaches
  7 goblins
  9 hobgoblins
  4 giant newts
  4 kobolds
  7 rats
42 creatures vanquished.

Notes
Turn   | Place    | Note
--------------------------------------------------------------
     0 | Abyss:1  | dysrexia, the Octopode Abyssal Knight, began the quest for the Orb.
     0 | Abyss:1  | Reached XP level 1. HP: 16/16 MP: 1/1
    45 | Abyss:1  | Noticed a snapping turtle zombie
    64 | Abyss:1  | Noticed a thrashing horror
    65 | D:1      | Escaped the Abyss
   532 | D:1      | Reached XP level 2. HP: 21/21 MP: 2/2
   536 | D:1      | Acquired Lugonu's first power
  1151 | D:2      | Reached XP level 3. HP: 22/26 MP: 3/3
  1275 | D:2      | Found an iron altar of Okawaru.
  1275 | D:2      | Found a shimmering altar of Xom.
  1280 | D:2      | Found a glowing golden altar of the Shining One.
  2142 | D:2      | Reached skill level 4 in Long Blades
  2183 | D:2      | Reached XP level 4. HP: 20/31 MP: 5/5
  2522 | D:3      | Killed from afar by an orc

Action                   |  1- 3 |  4- 6 || total
-------------------------+-------+-------++-------
Melee: Falchion          |    69 |    16 ||    85
Throw: Stone             |    19 |     5 ||    24
Invok: Depart the Abyss  |     1 |       ||     1
  Use: Scroll            |     5 |     1 ||     6
 Stab: Sleeping          |     3 |     1 ||     4
  Eat: Chunk             |     4 |     1 ||     5
